[Event "White Rook U14 Final 2019"]
[Site "Sochi"]
[Date "2019.06.06"]
[Round "1.36"]
[White "Khegai, Darya"]
[Black "Korovina, Yana"]
[Result "0-1"]
[ECO "C27"]
[WhiteElo "1402"]
[BlackElo "1672"]
[Annotator "NA RC"]
[PlyCount "108"]
[EventDate "2019.06.02"]
[EventCountry "RUS"]
[SourceTitle "playchess.com"]
[Source "ChessBase"]
[SourceQuality "1"]
[TimeControl "5400+30"]

1. e4 e5 2. Nc3 Nf6 3. Bc4 Nc6 4. d3 Bc5 5. f4 d6 6. f5 Na5 7. Bb3 Nxb3 8. axb3 d5 9. Qe2 O-O 10. Nf3 Qd6 11. Bd2 Bd7 12. h3 Bb4 13. O-O Bc5+ 14. Kh1 Nh5 15. Kh2 Nf4 16. Bxf4 exf4 17. Nxd5 Bxf5 18. b4 Be3 19. Kh1 Be6 20. Nxe3 fxe3 21. c3 Rad8 22. d4 Qg3 23. d5 Bc8 24. Nd4 Qg5 25. Rxa7 Rd6 26. Nf5 Rg6 27. Nxe3 h6 28. Ra5 b6 29. Ra7 Qh4 30. Nf5 Bxf5 31. Rxf5 Re8 32. e5 Rg5 33. Rxg5 Qxg5 34. d6 Rxe5 35. Ra8+ Kh7 36. Qd3+ f5 37. Qd1 Qg3 38. Ra1 cxd6 39. Qc2 Re1+ 40. Rxe1 Qxe1+ 41. Kh2 Qe5+ 42. g3 b5 43. Kg2 Kg6 44. g4 Kf6 45. gxf5 Qxf5 46. Qd1 Qe4+ 47. Kg3 Qe5+ 48. Kf2 Qh2+ 49. Ke3 Qxh3+ 50. Kd2 Qh2+ 51. Kc1 Qf4+ 52. Kb1 g5 53. Qh1 Kg6 54. Qd5 Qf5+ 0-1

[Event "White Rook U14 Final 2019"]
[Site "Sochi"]
[Date "2019.06.06"]
[Round "2.1"]
[White "Kuzmin, Roman"]
[Black "Ponomarev, Matvey"]
[Result "1-0"]
[ECO "B01"]
[WhiteElo "2119"]
[BlackElo "1292"]
[Annotator "RC"]
[PlyCount "59"]
[EventDate "2019.06.02"]
[EventCountry "RUS"]
[SourceTitle "playchess.com"]
[Source "ChessBase"]
[SourceQuality "1"]
[TimeControl "5400+30"]

1. e4 d5 2. exd5 Qxd5 3. Nc3 Qd8 4. d4 Nf6 5. Nf3 Bg4 6. Be3 e6 7. h3 Bxf3 8. Qxf3 c6 9. a3 Nbd7 10. Bd3 Be7 11. Ne2 e5 12. O-O-O Qc8 13. g4 exd4 14. Bxd4 c5 15. Bc3 h6 16. Bf5 Qc7 17. Bxd7+ Nxd7 18. Bxg7 Bg5+ 19. Kb1 Rg8 20. Qe4+ Kd8 21. Be5 Qc8 22. f4 Be7 23. Qh7 Re8 24. Qxf7 Qc6 25. Nc3 Rf8 26. Qh7 Kc8 27. Qxe7 b5 28. Rxd7 Qxh1+ 29. Ka2 c4 30. Rd8+ 1-0

[Event "White Rook U14 Final 2019"]
[Site "Sochi"]
[Date "2019.06.06"]
[Round "2.2"]
[White "Korotaev, Yaroslav"]
[Black "Pingin, Artem"]
[Result "0-1"]
[ECO "E16"]
[WhiteElo "1831"]
[BlackElo "2108"]
[Annotator "RC"]
[PlyCount "96"]
[EventDate "2019.06.02"]
[EventCountry "RUS"]
[SourceTitle "playchess.com"]
[Source "ChessBase"]
[SourceQuality "1"]
[TimeControl "5400+30"]

1. d4 Nf6 2. c4 e6 3. Nf3 b6 4. g3 Bb7 5. Bg2 Bb4+ 6. Bd2 Be7 7. Nc3 c6 8. O-O O-O 9. Bf4 d5 10. Qd3 Ba6 11. b3 b5 12. cxb5 cxb5 13. Nxb5 Nc6 14. a4 Nb4 15. Qd2 Ne4 16. Qb2 Bxb5 17. axb5 Qb6 18. Ne5 Qxb5 19. Bxe4 dxe4 20. Nc4 Rfd8 21. Rfd1 Nd5 22. Bd2 Rdc8 23. Rdc1 h5 24. Ra5 Qb7 25. Qa2 h4 26. Ra1 h3 27. Qb1 e3 28. fxe3 Nf6 29. Qf1 Ne4 30. Qxh3 f5 31. Bc1 Qxb3 32. Ne5 Rxc1+ 33. Rxc1 Qxe3+ 34. Kg2 Qxe2+ 35. Kg1 Qe3+ 36. Kg2 Qd2+ 37. Kg1 Qxc1+ 38. Qf1 Qe3+ 39. Kh1 Rc8 40. Ra1 Nf2+ 41. Kg2 Rc2 42. Nf3 Ng4+ 43. Kh1 Rf2 44. Qd1 Rxh2+ 45. Nxh2 Nf2+ 46. Kg2 Nxd1 47. Rxd1 Qe2+ 48. Kh3 Qxd1 0-1

[Event "White Rook U14 Final 2019"]
[Site "Sochi"]
[Date "2019.06.06"]
[Round "2.3"]
[White "Shirkunov, Alexandr"]
[Black "Kochetkov, Nikita"]
[Result "1-0"]
[ECO "D73"]
[WhiteElo "1557"]
[BlackElo "1380"]
[Annotator "NA RC"]
[PlyCount "93"]
[EventDate "2019.06.02"]
[EventCountry "RUS"]
[SourceTitle "playchess.com"]
[Source "ChessBase"]
[SourceQuality "1"]
[TimeControl "5400+30"]

1. d4 d5 2. c4 c6 3. Nf3 Nf6 4. g3 g6 5. Nc3 Bg7 6. Bg2 O-O 7. Ne5 e6 8. cxd5 exd5 9. O-O Nbd7 10. Nf3 Re8 11. Qd3 Ne4 12. Nd2 Nxd2 13. Bxd2 Qb6 14. e3 Nf6 15. Na4 Qc7 16. b4 Bf5 17. Qb3 Ne4 18. Qb2 Nd6 19. Rfc1 Be4 20. f3 Bf5 21. Bf1 Bh6 22. Qc3 Qe7 23. Kf2 Qf6 24. Kg2 Qe6 25. Nc5 Bh3+ 26. Kg1 Qf5 27. Bxh3 Qxh3 28. Re1 Nf5 29. e4 Bxd2 30. Qxd2 dxe4 31. fxe4 Nd6 32. Qf4 Nb5 33. d5 b6 34. Nd3 cxd5 35. exd5 Qd7 36. Ne5 Qxd5 37. Rad1 Qe6 38. Ng4 Qxe1+ 39. Rxe1 Rxe1+ 40. Kf2 Re6 41. Nh6+ Kh8 42. Qxf7 Rae8 43. Qd7 Re2+ 44. Kf3 R2e3+ 45. Kg4 Nd4 46. Qxd4+ R3e5 47. Nf7+ 1-0

[Event "White Rook U14 Final 2019"]
[Site "Sochi"]
[Date "2019.06.06"]
[Round "2.4"]
[White "Korotaeva, Polina"]
[Black "Toledo Flores, Marianna"]
[Result "0-1"]
[ECO "A46"]
[WhiteElo "1154"]
[BlackElo "1530"]
[Annotator "NA RC"]
[PlyCount "86"]
[EventDate "2019.06.02"]
[EventCountry "RUS"]
[SourceTitle "playchess.com"]
[Source "ChessBase"]
[SourceQuality "1"]
[TimeControl "5400+30"]

1. Nf3 Nf6 2. g3 b5 3. Bg2 Bb7 4. O-O e6 5. d4 c5 6. Be3 Nd5 7. Qd2 Qc7 8. Nc3 Nxe3 9. Qxe3 a6 10. Rad1 cxd4 11. Qxd4 Nc6 12. Qd2 d5 13. Nd4 Ne5 14. Qf4 Bd6 15. Qc1 Rc8 16. a3 Nc4 17. Qa1 Nxa3 18. bxa3 Qxc3 19. Rd3 Qxa1 20. Rxa1 g6 21. a4 b4 22. Rb1 e5 23. Nb3 e4 24. Rd2 Ke7 25. Nd4 Rc3 26. Ra1 Rhc8 27. Bh3 R8c7 28. Ra2 Ra3 29. Rxa3 bxa3 30. Rd1 Be5 31. e3 Bxd4 32. exd4 Rxc2 33. Ra1 a2 34. Kg2 f5 35. Kg1 Bc6 36. Bf1 Bxa4 37. Bxa6 Rd2 38. Kg2 Bb3 39. Rc1 Rd1 40. Rc7+ Kd6 41. Rc3 a1=Q 42. Rxb3 Qxa6 43. Rb8 Qf1# 0-1

[Event "White Rook U14 Final 2019"]
[Site "Sochi"]
[Date "2019.06.06"]
[Round "2.5"]
[White "Kurus, Artem"]
[Black "Mikheev, Aleksandr"]
[Result "1-0"]
[ECO "E70"]
[WhiteElo "1769"]
[BlackElo "1837"]
[Annotator "NA RC"]
[PlyCount "115"]
[EventDate "2019.06.02"]
[EventCountry "RUS"]
[SourceTitle "playchess.com"]
[Source "ChessBase"]
[SourceQuality "1"]
[TimeControl "5400+30"]

1. d4 Nf6 2. c4 g6 3. Nc3 Bg7 4. e4 d6 5. Bd3 O-O 6. Nge2 e5 7. d5 Nbd7 8. O-O a5 9. f3 Nc5 10. Bc2 Bd7 11. Be3 Nh5 12. Qd2 Qe7 13. Rab1 b6 14. b3 f5 15. exf5 Bxf5 16. Ne4 Nxe4 17. Bxe4 Bxe4 18. fxe4 Qh4 19. Qd3 Nf6 20. Nc3 Ng4 21. h3 Nxe3 22. Qxe3 Bh6 23. Qd3 Rxf1+ 24. Rxf1 Rf8 25. Rxf8+ Kxf8 26. Nb5 Ke7 27. Qf1 Kd8 28. Kh1 Bf4 29. Qe2 Qg3 30. Kg1 h5 31. Kf1 Qh2 32. Qf2 Kd7 33. Nc3 g5 34. Ne2 g4 35. Qg1 g3 36. Ke1 Qxg1+ 37. Nxg1 Be3 38. Nf3 Ke7 39. Ke2 Bf2 40. Ng5 Kf6 41. h4 Kg6 42. Ne6 Kf7 43. Nxc7 Ke7 44. Ne6 Kf6 45. Ng5 Bd4 46. Kf3 Bf2 47. Nh3 Be1 48. Ng1 Kg6 49. Ne2 Bf2 50. Nxg3 Bc5 51. Nf5 Bb4 52. g4 Ba3 53. Ng3 hxg4+ 54. Kxg4 Bb4 55. h5+ Kh7 56. Nf5 Ba3 57. Kg5 Bc1+ 58. Kf6 1-0

[Event "White Rook U14 Final 2019"]
[Site "Sochi"]
[Date "2019.06.06"]
[Round "2.6"]
[White "Busygin, Kirill"]
[Black "Usov, Aleksandr E."]
[Result "1-0"]
[ECO "D93"]
[WhiteElo "1758"]
[BlackElo "1812"]
[Annotator "NA RC"]
[PlyCount "143"]
[EventDate "2019.06.02"]
[EventCountry "RUS"]
[SourceTitle "playchess.com"]
[Source "ChessBase"]
[SourceQuality "1"]
[TimeControl "5400+30"]

1. d4 c6 2. Nf3 d5 3. Bf4 Nf6 4. e3 Bf5 5. Bd3 Bxd3 6. Qxd3 Nbd7 7. h3 g6 8. O-O Bg7 9. c4 O-O 10. Nc3 e6 11. b4 Nb6 12. c5 Nc4 13. Ne5 Nxe5 14. Bxe5 Nd7 15. Bxg7 Kxg7 16. b5 Qc7 17. bxc6 bxc6 18. Rab1 e5 19. Rb2 Rab8 20. Rfb1 Rxb2 21. Rxb2 e4 22. Qb1 Rb8 23. Rxb8 Nxb8 24. a3 f5 25. g3 g5 26. Qd1 Kg6 27. Na2 h5 28. Qb3 h4 29. gxh4 f4 30. hxg5 f3 31. Qb1 Kxg5 32. Kh1 Kh4 33. Qg1 Kxh3 34. Qf1+ Kh4 35. Qg1 Kh5 36. Qg8 Nd7 37. Qf7+ Kh6 38. Nb4 a5 39. Qe6+ Kg7 40. Nxc6 Qb7 41. Ne5 Nxe5 42. Qxe5+ Kg8 43. Qe8+ Kg7 44. Qe5+ Kg8 45. Qg5+ Kh8 46. Kh2 Qh7+ 47. Kg3 Qb7 48. Qh6+ Kg8 49. Qe6+ Kf8 50. c6 Qc7+ 51. Kg4 Qg7+ 52. Kf4 Qc7+ 53. Kf5 Qh2 54. Qc8+ Kf7 55. Qd7+ Kf8 56. Ke6 Qh6+ 57. Kxd5 Qg5+ 58. Kxe4 Qh4+ 59. Kxf3 Qh1+ 60. Kf4 Qh4+ 61. Ke5 Qh8+ 62. Kd6 Qf6+ 63. Kc5 Qg5+ 64. d5 Qe5 65. Qd6+ Qxd6+ 66. Kxd6 a4 67. c7 Kg7 68. c8=Q Kh7 69. Qg4 Kh6 70. Ke7 Kh7 71. Kf7 Kh6 72. Qg6# 1-0

[Event "White Rook U14 Final 2019"]
[Site "Sochi"]
[Date "2019.06.06"]
[Round "2.9"]
[White "Greno, Pavol"]
[Black "Magomedov, Adam"]
[Result "0-1"]
[ECO "C00"]
[WhiteElo "1588"]
[BlackElo "1773"]
[Annotator "NA RC"]
[PlyCount "70"]
[EventDate "2019.06.02"]
[EventCountry "RUS"]
[SourceTitle "playchess.com"]
[Source "ChessBase"]
[SourceQuality "1"]
[TimeControl "5400+30"]

1. e4 e6 2. d3 b6 3. g3 Bb7 4. Bg2 f5 5. Nd2 Nf6 6. Ne2 fxe4 7. Nxe4 Nxe4 8. dxe4 Bc5 9. Nd4 O-O 10. Be3 e5 11. Nf5 Rxf5 12. Bxc5 bxc5 13. exf5 Bxg2 14. f3 Qg5 15. f4 Qxf5 16. Rg1 Bc6 17. Qe2 e4 18. O-O-O d5 19. c3 Qf6 20. Qh5 Qf7 21. Qe5 Na6 22. f5 Re8 23. Qf4 e3 24. Rge1 e2 25. Rd2 Bb5 26. b3 Qf6 27. Kc2 Re4 28. Qf3 Re5 29. g4 d4 30. Qa8+ Kf7 31. c4 d3+ 32. Kb1 Bc6 33. Qxa7 Re8 34. g5 Qd6 35. Qxa6 Ra8 0-1

[Event "White Rook U14 Final 2019"]
[Site "Sochi"]
[Date "2019.06.06"]
[Round "2.10"]
[White "Seregin, Ignat"]
[Black "Kuzma, Samuel"]
[Result "1-0"]
[ECO "C02"]
[WhiteElo "1687"]
[BlackElo "1496"]
[Annotator "NA RC"]
[PlyCount "81"]
[EventDate "2019.06.02"]
[EventCountry "RUS"]
[SourceTitle "playchess.com"]
[Source "ChessBase"]
[SourceQuality "1"]
[TimeControl "5400+30"]

1. e4 e6 2. d4 d5 3. e5 c5 4. c3 Bd7 5. a3 Qb6 6. Nf3 Bb5 7. Bxb5+ Qxb5 8. b4 cxb4 9. cxb4 Ne7 10. Nc3 Qb6 11. Na4 Qc7 12. Bb2 Nd7 13. Rc1 Qd8 14. Nc5 Nxc5 15. Rxc5 Nc6 16. Rc1 Be7 17. Nd2 Bg5 18. O-O Bxd2 19. Qxd2 O-O 20. Rc5 Qd7 21. Rfc1 Rac8 22. Qc3 Ne7 23. Rc7 Rxc7 24. Qxc7 Rd8 25. b5 h5 26. g3 Nf5 27. h3 Kh8 28. Kg2 Kg8 29. a4 g6 30. g4 hxg4 31. hxg4 Ng7 32. Ba3 Kh7 33. Be7 Qxc7 34. Rxc7 Rb8 35. Bd6 Kg8 36. Rd7 Rc8 37. Rxb7 Rc4 38. Bc5 Rxa4 39. Rxa7 Rc4 40. b6 Rc2 41. b7 1-0

[Event "White Rook U14 Final 2019"]
[Site "Sochi"]
[Date "2019.06.06"]
[Round "2.11"]
[White "Simon, Leonard"]
[Black "Mugenov, Vadim"]
[Result "1/2-1/2"]
[ECO "B86"]
[WhiteElo "1383"]
[BlackElo "1329"]
[Annotator "NA RC"]
[PlyCount "104"]
[EventDate "2019.06.02"]
[EventCountry "RUS"]
[SourceTitle "playchess.com"]
[Source "ChessBase"]
[SourceQuality "1"]
[TimeControl "5400+30"]

1. e4 c5 2. Nf3 d6 3. d4 cxd4 4. Nxd4 Nf6 5. Nc3 a6 6. Bc4 e6 7. Bb3 Be7 8. O-O O-O 9. Re1 Qc7 10. h3 b5 11. a4 bxa4 12. Bxa4 Bb7 13. Bb3 Nbd7 14. f3 Nc5 15. Ba2 Rfd8 16. Be3 d5 17. exd5 Nxd5 18. Nxd5 Bxd5 19. Qe2 Bxa2 20. Rxa2 Bf6 21. c3 e5 22. Nc2 Bh4 23. Rb1 Re8 24. Qc4 Be7 25. Nb4 Ne6 26. Qxc7 Nxc7 27. Nc6 Nd5 28. Bf2 Bf6 29. Rba1 Rec8 30. Rxa6 Rxa6 31. Rxa6 Nf4 32. Nb4 h6 33. Kf1 Rd8 34. Bg3 Rd1+ 35. Kf2 Rd2+ 36. Ke1 Rxb2 37. Bxf4 exf4 38. Nd5 Bh4+ 39. Kf1 Bg3 40. c4 Rc2 41. Rc6 Bf2 42. Nxf4 Bg3 43. Ne2 Bh4 44. g3 Bf6 45. Rc8+ Kh7 46. c5 Be7 47. c6 Bd6 48. f4 g5 49. fxg5 hxg5 50. g4 Rc4 51. Kf2 Kg7 52. Kf3 Kf6 1/2-1/2

[Event "White Rook U14 Final 2019"]
[Site "Sochi"]
[Date "2019.06.06"]
[Round "2.12"]
[White "Mkrtchian, Anait"]
[Black "Sekova, Olivia"]
[Result "1-0"]
[ECO "B34"]
[WhiteElo "1165"]
[BlackElo "1226"]
[Annotator "NA RC"]
[PlyCount "59"]
[EventDate "2019.06.02"]
[EventCountry "RUS"]
[SourceTitle "playchess.com"]
[Source "ChessBase"]
[SourceQuality "1"]
[TimeControl "5400+30"]

1. e4 c5 2. Nf3 Nc6 3. d4 cxd4 4. Nxd4 g6 5. Be3 Bg7 6. c3 Nf6 7. f3 O-O 8. Bc4 Ne5 9. Bb3 d6 10. g4 Nc6 11. h4 Nxd4 12. cxd4 Qa5+ 13. Nc3 Rd8 14. Bd2 Qb6 15. Ne2 Bd7 16. h5 e5 17. Be3 exd4 18. Bxd4 Qa5+ 19. Bc3 Qg5 20. Bd2 Qe5 21. hxg6 hxg6 22. Bc3 Qc5 23. Qd2 Bxg4 24. Bxf6 Bxf3 25. Rh3 Bxe2 26. Kxe2 Qb5+ 27. Ke1 Re8 28. Qg2 Bxf6 29. Qxg6+ Bg7 30. Qxf7# 1-0

[Event "White Rook U14 Final 2019"]
[Site "Sochi"]
[Date "2019.06.06"]
[Round "2.13"]
[White "Nosachev, Daniil"]
[Black "Andrijashkin, Deniss"]
[Result "1-0"]
[ECO "C60"]
[WhiteElo "1719"]
[BlackElo "1891"]
[Annotator "NA RC"]
[PlyCount "53"]
[EventDate "2019.06.02"]
[EventCountry "RUS"]
[SourceTitle "playchess.com"]
[Source "ChessBase"]
[SourceQuality "1"]
[TimeControl "5400+30"]

1. e4 e5 2. Nf3 Nc6 3. Bb5 a6 4. Ba4 b5 5. Bb3 g6 6. O-O Bg7 7. c3 Nge7 8. d4 exd4 9. cxd4 d6 10. h3 O-O 11. Re1 Na5 12. Bc2 c5 13. Nc3 Nec6 14. Bg5 Qb6 15. Nd5 Qa7 16. dxc5 dxc5 17. Qc1 Be6 18. Nf6+ Kh8 19. Qf4 Nc4 20. Qh4 h5 21. g4 N6e5 22. Nxe5 Nxe5 23. Re3 Nd7 24. gxh5 Nxf6 25. Bxf6 Bxf6 26. Qxf6+ Kh7 27. hxg6+ 1-0

[Event "White Rook U14 Final 2019"]
[Site "Sochi"]
[Date "2019.06.06"]
[Round "2.14"]
[White "Sadekov, Maksim"]
[Black "Babeshko, Vitaliy"]
[Result "1-0"]
[ECO "D00"]
[WhiteElo "1541"]
[BlackElo "1331"]
[Annotator "NA RC"]
[PlyCount "77"]
[EventDate "2019.06.02"]
[EventCountry "RUS"]
[SourceTitle "playchess.com"]
[Source "ChessBase"]
[SourceQuality "1"]
[TimeControl "5400+30"]

1. d4 d5 2. Bf4 Bf5 3. e3 Nf6 4. c4 e6 5. Nc3 Bd6 6. Bxd6 Qxd6 7. Qb3 b6 8. Nf3 Nbd7 9. Rc1 O-O 10. cxd5 Nxd5 11. Nxd5 exd5 12. Bb5 Rac8 13. Rc6 Qe7 14. O-O Nb8 15. Rcc1 c6 16. Bd3 Bxd3 17. Qxd3 Rfd8 18. Rfd1 c5 19. dxc5 bxc5 20. Qa3 Rc6 21. h3 Qc7 22. Rc2 Na6 23. Rcd2 Rcd6 24. Rc1 Rc6 25. Qa4 c4 26. Rcd1 Nc5 27. Qxc4 Ne6 28. Qe2 Rcd6 29. Nd4 Nxd4 30. Rxd4 f6 31. Qd2 f5 32. Qd3 g6 33. Qb3 Rb6 34. Rxd5 Rxb3 35. Rxd8+ Kf7 36. R1d7+ Qxd7 37. Rxd7+ Ke6 38. Rxh7 Rxb2 39. Rxa7 1-0

[Event "White Rook U14 Final 2019"]
[Site "Sochi"]
[Date "2019.06.06"]
[Round "2.15"]
[White "Eperin, Andrey"]
[Black "Lazojev, Mark"]
[Result "1-0"]
[ECO "C55"]
[WhiteElo "1288"]
[BlackElo "1179"]
[Annotator "NA RC"]
[PlyCount "93"]
[EventDate "2019.06.02"]
[EventCountry "RUS"]
[SourceTitle "playchess.com"]
[Source "ChessBase"]
[SourceQuality "1"]
[TimeControl "5400+30"]

1. e4 e5 2. Nf3 Nc6 3. d4 exd4 4. Bc4 Be7 5. Nxd4 Nf6 6. Nc3 Bb4 7. Nxc6 Bxc3+ 8. bxc3 bxc6 9. e5 Ng8 10. O-O Ne7 11. Bg5 O-O 12. f4 d5 13. exd6 cxd6 14. Kh1 Re8 15. Re1 d5 16. Bd3 f6 17. Bh4 Nf5 18. Bf2 Nd6 19. Bc5 Nb7 20. Ba3 Rxe1+ 21. Qxe1 Qd7 22. Qh4 h6 23. Re1 c5 24. Bg6 Nd6 25. Bxc5 Ba6 26. Bxd6 Qxd6 27. f5 Rb8 28. Qa4 Qe5 29. Rg1 Qd6 30. Qd4 Qd7 31. h3 Bc4 32. Ra1 Rb2 33. Qf4 Qc8 34. Re1 Bb5 35. Qd4 Bc6 36. Qxa7 Rb7 37. Qa3 Qb8 38. Qc5 Qc7 39. Qe3 Rb8 40. Kg1 Qb7 41. Qe7 Qb6+ 42. Kh2 Qf2 43. Qe3 Qxc2 44. Qe6+ Kh8 45. Qxc6 Qf2 46. Re8+ Rxe8 47. Qxe8# 1-0

[Event "White Rook U14 Final 2019"]
[Site "Sochi"]
[Date "2019.06.06"]
[Round "2.16"]
[White "Poluektova, Arina"]
[Black "Noyanzina, Sofia"]
[Result "0-1"]
[ECO "B22"]
[WhiteElo "1313"]
[BlackElo "1318"]
[Annotator "NA RC"]
[PlyCount "78"]
[EventDate "2019.06.02"]
[EventCountry "RUS"]
[SourceTitle "playchess.com"]
[Source "ChessBase"]
[SourceQuality "1"]
[TimeControl "5400+30"]

1. e4 c5 2. Nf3 Nc6 3. c3 d5 4. exd5 Qxd5 5. d4 Nf6 6. Be3 cxd4 7. Nxd4 Nxd4 8. Qxd4 e5 9. Qxd5 Nxd5 10. Bb5+ Bd7 11. Bxd7+ Kxd7 12. Bd2 Bc5 13. O-O Rhe8 14. c4 Nb6 15. b3 Kc6 16. Re1 Rad8 17. Bc3 Rd3 18. b4 Na4 19. b5+ Kd7 20. Rc1 Nxc3 21. Nxc3 Bd4 22. Ne4 Bxa1 23. Nc5+ Kc7 24. Nxd3 Rd8 25. Nb4 Bb2 26. Rb1 Rd2 27. g3 Bd4 28. Rf1 Bc5 29. Nd5+ Kd6 30. Nc3 f5 31. Kg2 Bd4 32. Nd5 Rxa2 33. Nb4 Ra4 34. Rb1 Kc5 35. Nd3+ Kxc4 36. Ne1 Ra1 37. Rxa1 Bxa1 38. Nf3 Kxb5 39. Kf1 a5 0-1

[Event "White Rook U14 Final 2019"]
[Site "Sochi"]
[Date "2019.06.06"]
[Round "2.17"]
[White "Ogorodnikov, Nikolai"]
[Black "Voloshkin, Daniil"]
[Result "1/2-1/2"]
[ECO "A34"]
[WhiteElo "1803"]
[BlackElo "1557"]
[Annotator "NA RC"]
[PlyCount "56"]
[EventDate "2019.06.02"]
[EventCountry "RUS"]
[SourceTitle "playchess.com"]
[Source "ChessBase"]
[SourceQuality "1"]
[TimeControl "5400+30"]

1. c4 c5 2. Nc3 Nf6 3. g3 d5 4. cxd5 Nxd5 5. Bg2 Nc7 6. Nf3 Nc6 7. d3 e5 8. Be3 f6 9. Nd2 Nd4 10. Nc4 Be7 11. Rc1 O-O 12. O-O Rb8 13. Bxd4 cxd4 14. Nb1 Be6 15. f4 Bd6 16. Nxd6 Qxd6 17. Nd2 Nb5 18. Nc4 Bxc4 19. Rxc4 Qd7 20. Qb3 Kh8 21. Rc5 Nc7 22. Rfc1 Na6 23. R5c2 exf4 24. gxf4 Qg4 25. Rf1 Rfe8 26. Kh1 Qd7 27. Be4 f5 28. Bg2 Nc7 1/2-1/2

[Event "White Rook U14 Final 2019"]
[Site "Sochi"]
[Date "2019.06.06"]
[Round "2.18"]
[White "Vorzhevitin, Dmitriy"]
[Black "Cherniaev, Danil"]
[Result "0-1"]
[ECO "B19"]
[WhiteElo "1346"]
[BlackElo "1557"]
[Annotator "NA RC"]
[PlyCount "114"]
[EventDate "2019.06.02"]
[EventCountry "RUS"]
[SourceTitle "playchess.com"]
[Source "ChessBase"]
[SourceQuality "1"]
[TimeControl "5400+30"]

1. e4 c6 2. d4 d5 3. Nc3 dxe4 4. Nxe4 Bf5 5. Ng3 Bg6 6. h4 h6 7. h5 Bh7 8. Nf3 Nd7 9. Bd3 Bxd3 10. Qxd3 e6 11. Bd2 Qc7 12. O-O-O Ngf6 13. Ne4 O-O-O 14. Kb1 Be7 15. c4 c5 16. Bc3 cxd4 17. Bxd4 Nc5 18. Nxc5 Bxc5 19. Qe2 Bxd4 20. Rxd4 Rxd4 21. Nxd4 a6 22. c5 Rd8 23. Nf3 Rd5 24. b4 Qf4 25. Rh4 Qf5+ 26. Ka1 Nxh5 27. g3 Nf6 28. Rf4 Qh5 29. Rh4 Qg6 30. Ne5 Qg5 31. f4 Qxg3 32. Rh1 Qxf4 33. Nxf7 Qd4+ 34. Kb1 Qxb4+ 35. Ka1 Qd4+ 36. Kb1 Qe4+ 37. Qxe4 Nxe4 38. Rg1 g5 39. Nxh6 Nxc5 40. Nf7 Ne4 41. Rg4 Nc3+ 42. Kb2 Nd1+ 43. Kc1 Ne3 44. Rxg5 Rxg5 45. Nxg5 Kd7 46. Ne4 Kc6 47. Kd2 Nc4+ 48. Kc3 Nd6 49. Nf6 Nf5 50. Ne4 a5 51. a4 b6 52. Kd3 Nd6 53. Nf6 Nb7 54. Ng4 Nc5+ 55. Kc4 Nxa4 56. Ne5+ Kd6 57. Nf7+ Kc7 0-1

[Event "White Rook U14 Final 2019"]
[Site "Sochi"]
[Date "2019.06.06"]
[Round "2.19"]
[White "Voloshenyuk, Gleb"]
[Black "Zenkov, Maksim"]
[Result "0-1"]
[ECO "C01"]
[WhiteElo "1235"]
[BlackElo "1394"]
[Annotator "NA RC"]
[PlyCount "94"]
[EventDate "2019.06.02"]
[EventCountry "RUS"]
[SourceTitle "playchess.com"]
[Source "ChessBase"]
[SourceQuality "1"]
[TimeControl "5400+30"]

1. e4 e6 2. d4 d5 3. exd5 exd5 4. Bd3 Bd6 5. h3 Ne7 6. Nf3 f6 7. O-O Be6 8. Re1 Qd7 9. Nh2 Nbc6 10. c3 O-O-O 11. Qf3 Ng6 12. Rxe6 Nh4 13. Qg4 h5 14. Qe2 Be5 15. Rxc6 Bxh2+ 16. Kxh2 Qxc6 17. g3 Rde8 18. Qd1 Re1 19. Qc2 g5 20. Bd2 Nf3+ 21. Kg2 g4 22. Bf1 gxh3+ 23. Kxh3 Rxf1 24. Qf5+ Qd7 25. Qxd7+ Kxd7 26. Be3 Rg1 27. a4 f5 28. Nd2 Rxa1 29. Nxf3 Rxa4 30. Ne5+ Ke6 31. Nf3 Ra2 32. Ng5+ Kf6 33. Bf4 Rg8 34. Nf3 c6 35. Be5+ Ke6 36. Kh4 Rxb2 37. Ng5+ Rxg5 38. Kxg5 Rxf2 39. Kxh5 a5 40. Bf4 Rxf4 41. gxf4 a4 42. Kg6 a3 43. Kg7 a2 44. c4 a1=Q 45. c5 Qg1+ 46. Kf8 Qg4 47. Ke8 Qg8# 0-1

[Event "White Rook U14 Final 2019"]
[Site "Sochi"]
[Date "2019.06.06"]
[Round "2.20"]
[White "Golikova, Alisa"]
[Black "Tsaregorodtseva, Varvara"]
[Result "1-0"]
[ECO "B01"]
[WhiteElo "1252"]
[BlackElo "1235"]
[Annotator "NA RC"]
[PlyCount "37"]
[EventDate "2019.06.02"]
[EventCountry "RUS"]
[SourceTitle "playchess.com"]
[Source "ChessBase"]
[SourceQuality "1"]
[TimeControl "5400+30"]

1. e4 d5 2. exd5 Qxd5 3. Nf3 Nf6 4. d4 Nc6 5. Be2 Bg4 6. O-O O-O-O 7. c4 Qh5 8. d5 Qg6 9. Bd3 Bf5 10. Nh4 Bg4 11. Nxg6 Bxd1 12. Nxh8 Ne5 13. Rxd1 e6 14. Bf4 Nxd3 15. Rxd3 Re8 16. Nxf7 exd5 17. Nc3 dxc4 18. Rd4 Re7 19. Rd8# 1-0

[Event "White Rook U14 Final 2019"]
[Site "Sochi"]
[Date "2019.06.06"]
[Round "2.21"]
[White "Epifanov, Anton"]
[Black "Suvanbekov, Jahangir"]
[Result "1-0"]
[ECO "A20"]
[WhiteElo "1773"]
[BlackElo "1569"]
[Annotator "NA RC"]
[PlyCount "93"]
[EventDate "2019.06.02"]
[EventCountry "RUS"]
[SourceTitle "playchess.com"]
[Source "ChessBase"]
[SourceQuality "1"]
[TimeControl "5400+30"]

1. c4 e5 2. g3 c6 3. Bg2 d5 4. d3 Bb4+ 5. Bd2 Bxd2+ 6. Nxd2 Bf5 7. cxd5 cxd5 8. Qb3 Ne7 9. Qxb7 Nbc6 10. Qa6 Rb8 11. Ngf3 Rxb2 12. Qa3 Rb8 13. O-O O-O 14. Rab1 Qd7 15. Rfc1 e4 16. Ne1 Nd4 17. Bf1 Bg4 18. e3 Ne2+ 19. Bxe2 Bxe2 20. dxe4 dxe4 21. Nxe4 Qh3 22. Ng2 Rxb1 23. Rxb1 Qd7 24. Qd6 Qxd6 25. Nxd6 Rd8 26. Ne4 Rd1+ 27. Rxd1 Bxd1 28. Nc3 Bc2 29. Ne1 Bf5 30. Nf3 Nc6 31. Nd4 Nxd4 32. exd4 Bd7 33. Kg2 f5 34. Kf3 Kf7 35. Ke3 Ke6 36. d5+ Kd6 37. Kd4 a6 38. Nd1 Bb5 39. Ne3 g6 40. Nc4+ Bxc4 41. Kxc4 g5 42. Kd4 h6 43. f4 g4 44. a3 h5 45. a4 a5 46. Kc4 Kc7 47. Kc5 1-0

[Event "White Rook U14 Final 2019"]
[Site "Sochi"]
[Date "2019.06.06"]
[Round "2.22"]
[White "Solomko, Artur"]
[Black "Muravskii, Mikhail"]
[Result "1-0"]
[ECO "B03"]
[WhiteElo "1498"]
[BlackElo "1186"]
[Annotator "NA RC"]
[PlyCount "53"]
[EventDate "2019.06.02"]
[EventCountry "RUS"]
[SourceTitle "playchess.com"]
[Source "ChessBase"]
[SourceQuality "1"]
[TimeControl "5400+30"]

1. e4 Nf6 2. e5 Nd5 3. Bc4 Nb6 4. Bb3 Nc6 5. d4 d6 6. exd6 cxd6 7. Nf3 Bg4 8. Bxf7+ Kxf7 9. Ng5+ Ke8 10. Qxg4 Qc8 11. Qf4 Nb4 12. Qf7+ Kd8 13. Na3 Nxc2+ 14. Nxc2 Qxc2 15. Bf4 Rc8 16. O-O Qe2 17. Rfe1 Qb5 18. Ne6+ Kd7 19. Nxf8+ Rcxf8 20. Rxe7+ Kd8 21. Qe6 Rf6 22. Qe4 Qc6 23. Bg5 d5 24. Qe1 Rg6 25. Re8+ Kc7 26. Qe7+ Nd7 27. Qd8+ 1-0

[Event "White Rook U14 Final 2019"]
[Site "Sochi"]
[Date "2019.06.06"]
[Round "2.25"]
[White "Buyarov, Maxim"]
[Black "Khanin, Mikhail E."]
[Result "0-1"]
[ECO "C02"]
[WhiteElo "1493"]
[BlackElo "1692"]
[Annotator "NA RC"]
[PlyCount "50"]
[EventDate "2019.06.02"]
[EventCountry "RUS"]
[SourceTitle "playchess.com"]
[Source "ChessBase"]
[SourceQuality "1"]
[TimeControl "5400+30"]

1. e4 e6 2. d4 d5 3. e5 c5 4. c3 Qb6 5. Nf3 Nc6 6. a3 c4 7. g3 Na5 8. Nbd2 Bd7 9. Bh3 Be7 10. O-O h5 11. Ne1 g5 12. Ng2 g4 13. Bxg4 hxg4 14. Qxg4 O-O-O 15. Qg7 Nh6 16. Nxc4 Nxc4 17. Bxh6 Qxb2 18. Qxf7 Rxh6 19. Rfb1 Qxc3 20. Rc1 Qxd4 21. Qxe7 Qxe5 22. Ne3 Qe4 23. Qc5+ Bc6 24. Qxa7 d4 25. f3 Qxe3+ 0-1